 Dungeon Crawl Stone Soup version 0.27-a0-401-gea03ee85fd (webtiles) character file.

Game seed: 2818145921317409192

7 dickylongcocking the Chiller (level 1, 0/13 HPs)
             Began as a Demonspawn Ice Elementalist on Feb 21, 2021.
             Slain by a leopard gecko (4 damage)
             ... on level 1 of the Dungeon.
             The game lasted 00:00:22 (564 turns).

dickylongcocking the Chiller (DsIE)                  Turns: 564, Time: 00:00:23

Health: 0/13       AC:  2    Str:  8    XL:     1   Next: 91%
Magic:  0/3        EV: 12    Int: 16    God:
Gold:   19         SH:  0    Dex: 13    Spells: 3/4 levels left

rFire    + . .     SeeInvis .   d - +0 dagger
rCold    + . .     Faith    .   (no shield)
rNeg     . . .     Spirit   .   h - +0 robe {rC+ rF+}
rPois    .         Reflect  .   (no helmet)
rElec    .         Harm     .   (no cloak)
rCorr    .         Rampage  .   (no gloves)
Will     .....                  (no boots)
Stlth    ++........             (no amulet)
HPRegen  0.04/turn              (no ring)
MPRegen  0.08/turn              (no ring)

@: no status effects
A: no striking features
a: no special abilities


You were on level 1 of the Dungeon.
You visited 1 branch of the dungeon, and saw 1 of its levels.

You collected 19 gold pieces.

Inventory:

Hand Weapons
 d - a +0 dagger (weapon)
Armour
 a - a +0 robe
 h - a +0 robe of resistance (worn)
Scrolls
 b - a scroll of enchant armour {unknown}
 e - a scroll of blinking {unknown}
 f - a scroll of identify {unknown}
Potions
 c - a potion of mutation {unknown}
 g - a potion of flight {unknown}


   Skills:
 + Level 1.7 Dodging
 + Level 1.7 Stealth
 + Level 2.1 Spellcasting
 + Level 3.9 Ice Magic


You had 3 spell levels left.
You knew the following spells:

 Your Spells              Type           Power        Failure   Level
a - Freeze                Ice            56%          4%          1

Your spell library contained the following spells:

 Spells                   Type           Power        Failure   Level
 Frozen Ramparts          Ice            28%          12%         3
 Ozocubu's Armour         Ice            14%          12%         3
 Hailstorm                Conj/Ice       8%           65%         4
 Summon Ice Beast         Ice/Summ       8%           65%         4


Dungeon Overview and Level Annotations

Branches:
Dungeon (1/15)

Altars:


Message History

You miscast Freeze.
You are very lightly contaminated with residual magic.
Nothing appears to happen.
The hobgoblin hits you with a +0 club.
Casting: Freeze (safe; 4% risk of failure)
Confirm with . or Enter, or press ? or * to list all spells.
Aiming: Freeze (safe; 4% risk of failure)
Press: ? - help, Shift-Dir - straight line, f/p - hobgoblin
Aim: a hobgoblin, wielding a +0 club (heavily wounded)
You freeze the hobgoblin!
You kill the hobgoblin!
Casting: Freeze (safe; 4% risk of failure)
Confirm with . or Enter, or press ? or * to list all spells.
Aiming: Freeze (safe; 4% risk of failure)
Press: ? - help, Shift-Dir - straight line, f - leopard gecko
Aim: a leopard gecko You freeze the leopard gecko.
The leopard gecko is moderately wounded.
The leopard gecko bites you but does no damage.
The leopard gecko closely misses you.
Casting: Freeze (safe; 4% risk of failure)
Confirm with . or Enter, or press ? or * to list all spells.
You don't have enough magic to cast this spell.
Unknown command.
You closely miss the leopard gecko.
The leopard gecko is moderately wounded.
The leopard gecko closely misses you.
You miss the leopard gecko.
The leopard gecko is moderately wounded.
The leopard gecko bites you but does no damage.
You hit the leopard gecko.
The leopard gecko is heavily wounded.
The leopard gecko bites you.
You miss the leopard gecko.
The leopard gecko is heavily wounded.
The leopard gecko closely misses you.
Your magical contamination has completely faded away.
You hit the leopard gecko.
The leopard gecko is severely wounded.
The leopard gecko bites you. x2
You die...

.........†...... ..
.....########### ....
........#...## ....
.............## #######.#
..............# ##..†.....
##............##########..####...
##......................## #...
##.........###.....##### #...
##...........@###..## #...
#.#.###..##.l# ##..### #... #.#.#
##.##... ##...# #... #.#.##
#....##. ###.# #... #....# ####.
...####.### #... ##.#.# #.
#........# ##.. ##..#.## #.
#.####..### #.. #..##..# #.#
#.####....# #..
##....#.#####.###.........# #..


You could see a leopard gecko.

Vanquished Creatures
  2 giant cockroaches (D:1)
  A goblin (D:1)
  A hobgoblin (D:1)
  2 bats (D:1)
  A kobold (D:1)
7 creatures vanquished.

Notes
Turn   | Place    | Note
-------+----------+-------------------------------------------
     0 | D:1      | dickylongcocking the Demonspawn Ice Elementalist began the
                  | quest for the Orb.
     0 | D:1      | Reached XP level 1. HP: 13/13 MP: 3/3
   564 | D:1      | Slain by a leopard gecko

Illustrated notes

Levels and vault maps discovered:
D:1:      minmay_arrival_widening_spiral_wide, layout_rooms

Action                   || total
-------------------------++-------
Melee: Dagger            ||    12
 Cast: Freeze            ||    13
Armor: Robe              ||     5
Dodge: Dodged            ||    14

Table legend: (Time is in decaauts)
 A = Elapsed time spent in this place.
 B = Non-inter-level travel time spent in this place.
 C = Inter-level travel time spent in this place.
 D = Time resting spent in this place.
 E = Time spent auto-exploring this place.
 F = Levels seen in this place.
 G = Mean time per level.
                   A        B        C        D        E       F      G
               +--------+--------+--------+--------+--------+-----+--------+
         Total |    563 |    563 |      0 |      0 |    478 |   1 |  563.0 |
       Dungeon |    563 |    563 |      0 |      0 |    478 |   1 |  563.0 |
               +--------+--------+--------+--------+--------+-----+--------+

Top non-repeatable levels by time:
     D:1: 563 daAuts
